 Dungeon Crawl Stone Soup version 0.18.1-5-g4a78601 (webtiles) character file.

73 mopl the Sneak (level 4, 3/27 HPs)
             Began as a High Elf Enchanter on May 11, 2016.
             Quit the game on level 2 of the Dungeon.
             The game lasted 00:02:36 (1827 turns).

mopl the Sneak (High Elf Enchanter)                 Turns: 1827, Time: 00:02:37

Health: 3/27       AC:  3    Str:  7    XL:     4   Next: 8%
Magic:  1/9        EV: 13    Int: 19    God:
Gold:   41         SH:  0    Dex: 16    Spells: 3 memorised, 3 levels left

rFire  . . .     SeeInvis .     a - +1 dagger
rCold  . . .     Gourm    .     b - +1 robe
rNeg   . . .     Faith    .     (no shield)
rPois  .         Spirit   .     (no helmet)
rElec  .         Dismiss  .     (no cloak)
rCorr  .         Reflect  .     (no gloves)
SustAt .         Harm     .     (no boots)
MR     .....                    (no amulet)
Stlth  +++.......               (no ring)
                                (no ring)

@: lethally poisoned (3 -> -23), not resistant to hostile enchantments, fairly
stealthy
A: no striking features
a: no special abilities


You were on level 2 of the Dungeon.
You were not hungry.

You visited 1 branch of the dungeon, and saw 2 of its levels.

You collected 41 gold pieces.

Inventory:

Hand Weapons
 a - a +1 dagger (weapon)
Armour
 b - a +1 robe (worn)
Wands
 l - a wand of lightning (5/15)
Scrolls
 e - a scroll of immolation {unknown}
 g - 4 scrolls of identify {unknown}
 m - a scroll of enchant weapon {unknown}
Potions
 f - a potion of degeneration {unknown}
 i - a potion of invisibility {unknown}
 j - a potion of might {unknown}
 k - a potion of heal wounds {unknown}
Books
 c - a book of Maledictions

   Spells                             Type                      Level
   a - Corona                         Hexes                        1
   b - Ensorcelled Hibernation        Hexes/Ice                    2
   c - Confuse                        Hexes                        3
   d - Tukima's Dance                 Hexes                        3
   e - Dazzling Spray                 Conjuration/Hexes            3
Comestibles
 d - 3 bread rations
 h - 6 chunks of flesh


   Skills:
 + Level 2.0 Short Blades
 - Level 2.1 Dodging
 * Level 3.9 Stealth
 + Level 3.0 Spellcasting
 * Level 3.8 Hexes
 + Level 1.0 Ice Magic


You had 3 spell levels left.
You knew the following spells:

 Your Spells              Type           Power        Failure   Level  Hunger
a - Corona                Hex            ###....      3%          1    None
b - Ensorcelled Hibernat  Hex/Ice        ##....       10%         2    ##.....
c - Confuse               Hex            ###.....     12%         3    ###....


Dungeon Overview and Level Annotations

Branches:
Dungeon (2/15)

Altars:

Annotations:
D:2 Terence


Message History

You hit Terence but do no damage.
Terence is severely wounded.
* * * LOW HITPOINT WARNING * * *
You feel sick.
Terence seems less confused.
Terence misses you.
You hit Terence but do no damage.
Terence is severely wounded.
* * * LOW HITPOINT WARNING * * *
You feel sick. Terence hits you but does no damage.
You are more poisoned.
Casting: Confuse
Confirm with . or Enter, or press ? or * to list all spells.
Aiming: Confuse
Press: ? - help, Shift-Dir - straight line, f/p - Terence
Aim: Terence, wielding a short sword of venom and wearing a scale mail (severely wounded, chance to defeat MR: 56%) Terence resists with significant effort.
* * * LOW HITPOINT WARNING * * *
You feel sick. Terence barely misses you.
Unknown command.
Unknown command.
Are you sure you want to abandon this character and quit the game? (Confirm with "yes".)

.#########.#
#..# ##.#...
......†....#
#..# #.'...
...........#
###..# ###...
...........#
....# #...
(#########.#
#...# # #.##
#.# #...# .#
#.# #.#
#...##..# #.#
#.####.......#
#.#
#..@@..#.#...#
#.##
######.#.# .#
#... ###.#
#### ... #.#
#.# #.# #.#


You could see Terence.

Vanquished Creatures
  Natasha (D:2)
  An adder (D:2)
  A giant gecko (D:2)
  5 bats
  2 giant cockroaches
  9 goblins
  2 hobgoblins (D:1)
  7 kobolds
  A quokka (D:2)
  2 giant newts (D:2)
  7 rats
38 creatures vanquished.

Notes
Turn   | Place    | Note
--------------------------------------------------------------
     0 | D:1      | mopl the High Elf Enchanter began the quest for the Orb.
     0 | D:1      | Reached XP level 1. HP: 11/11 MP: 4/4
   394 | D:1      | Reached XP level 2. HP: 2/17 MP: 4/6
   682 | D:1      | Learned a level 2 spell: Ensorcelled Hibernation
  1440 | D:2      | Reached XP level 3. HP: 20/21 MP: 8/8
  1480 | D:2      | Learned a level 3 spell: Confuse
  1704 | D:2      | Noticed Natasha
  1711 | D:2      | Killed Natasha
  1711 | D:2      | Reached skill level 2 in Short Blades
  1711 | D:2      | Reached skill level 3 in Spellcasting
  1711 | D:2      | Reached skill level 1 in Ice Magic
  1711 | D:2      | Reached XP level 4. HP: 20/27 MP: 4/9
  1795 | D:2      | Noticed Terence
  1827 | D:2      | Quit the game

Skill      XL: |  1  2  3 |
---------------+----------+-----
Short Blades   | 2 |  2.0
Spellcasting   | 3 |  3.0
Ice Magic      | 1 |  1.0
Dodging        | |  2.1
Stealth        | |  3.9
Hexes          | |  3.8

Action                   |  1- 3 |  4- 6 || total
-------------------------+-------+-------++-------
Melee: Dagger            |   113 |    29 ||   142
 Cast: Corona            |     2 |       ||     2
       Ensorcelled Hiber |    12 |     1 ||    13
       Confuse           |       |     3 ||     3
 Stab: Sleeping          |    15 |     1 ||    16
  Eat: Chunk             |     3 |     1 ||     4
Armor: Robe              |    30 |     2 ||    32
Dodge: Dodged            |    80 |    15 ||    95
